 Dungeon Crawl Stone Soup version 0.28-a0-850-g09de17f5b5 (webtiles) character file.

Game seed: 6830242169434739185

49 Crownlay the Poker (level 3, 0/30 HPs)
             Began as a Minotaur Gladiator on Nov 13, 2021.
             Slain by a goblin (4 damage)
             ... on level 1 of the Dungeon.
             The game lasted 00:01:01 (1161 turns).

Crownlay the Poker (Minotaur Gladiator)             Turns: 1161, Time: 00:01:02

Health: 0/30       AC:  3    Str: 19    XL:     3   Next: 53%
Magic:  2/2        EV: 12    Int:  5    God:
Gold:   94         SH:  0    Dex: 11    Spells: 2/2 levels left

rFire   . . .      SeeInvis .   a - +0 trident
rCold   . . .      Faith    .   (no shield)
rNeg    . . .      Spirit   .   b - +0 leather armour
rPois   .          Reflect  .   c - +0 hat
rElec   .          Harm     .   (no cloak)
rCorr   .          Rampage  .   (no gloves)
Will    .....                   (no boots)
Stlth   +.........              (no amulet)
HPRegen 0.10/turn               (no ring)
MPRegen 0.08/turn               (no ring)

@: no status effects
A: horns 2, retaliatory headbutt
a: no special abilities


You were on level 1 of the Dungeon.
You visited 1 branch of the dungeon, and saw 2 of its levels.

You collected 94 gold pieces.

Inventory:

Hand Weapons
 a - a +0 trident (weapon)
Missiles
 d - 2 throwing nets (quivered)
Armour
 b - a +0 leather armour (worn)
 c - a +0 hat (worn)
Scrolls
 e - a scroll of identify {unknown}
 g - a scroll of enchant weapon {unknown}
 h - a scroll of holy word {unknown}
 i - a scroll of noise {unknown}
Potions
 f - a potion of ambrosia {unknown}


   Skills:
 - Level 2.4 Fighting
 + Level 4.3 Polearms
 * Level 3.4 Throwing
 - Level 3.2 Dodging


You had 2 spell levels left.
You didn't know any spells.
Your spell library was empty.

Dungeon Overview and Level Annotations

Branches:
Dungeon (2/15)

Altars:


Innate Abilities, Weirdness & Mutations

You have a pair of horns on your head.
You reflexively headbutt those who attack you in melee.


Message History

You barely miss the gnoll.
The gnoll is moderately wounded.
The gnoll closely misses you. The goblin hits you but does no damage.
You hit the gnoll.
The gnoll is severely wounded.
The gnoll barely misses you. The goblin hits you with a +0 club.
* * * LOW HITPOINT WARNING * * *
The gnoll barely misses you.
You closely miss the gnoll.
The gnoll is severely wounded.
The goblin hits you with a +0 club.
* * * LOW HITPOINT WARNING * * *
The gnoll misses you.
Throw: 3 throwing nets
Press: ? - help, Q - select action Shift-Dir - straight line, f - goblin
Aim: a goblin, wielding a +0 club (50% to hit)
You throw a throwing net. The throwing net hits the goblin.
The goblin is caught in the net!
The goblin struggles against the net.
The gnoll misses you.
You hit the gnoll. Your headbutt misses the gnoll.
The gnoll is severely wounded.
The goblin struggles against the net.
The gnoll misses you.
You puncture the gnoll!
You kill the gnoll!
The goblin struggles against the net. x2
You closely miss the ball python.
The ball python bites you but does no damage.
The ball python barely misses you. The ball python misses you.
The ball python grabs you. The ball python constricts you.
The goblin struggles against the net.
The net rips apart, and the goblin comes free!
You barely miss the ball python. You headbutt the ball python.
You kill the ball python!
The goblin hits you with a +0 club.
* * * LOW HITPOINT WARNING * * *
The goblin closely misses you.
Things that are here:
a +0 club; an adder corpse You closely miss the goblin.
The goblin hits you with a +0 club.
You die...

#####################
#>gg@......(.........
#)#####)###...#######
#.# #.# #...#
#.#####.###...#
#.......รท##...#
#........##...#######
#.........'..........
##.......##...#######
#.......##...#


You could see a gnoll and a goblin.

Vanquished Creatures
  2 gnolls (D:1)
  An adder (D:1)
  2 bats (D:1)
  A goblin (D:1)
  2 hobgoblins (D:1)
  A kobold (D:1)
  2 quokkas (D:1)
  6 ball pythons (D:1)
  A frilled lizard (D:1)
  4 rats (D:1)
22 creatures vanquished.

Notes
Turn   | Place    | Note
-------+----------+-------------------------------------------
     0 | D:1      | Crownlay the Minotaur Gladiator began the quest for the
                  | Orb.
     0 | D:1      | Reached XP level 1. HP: 18/18 MP: 0/0
    98 | D:1      | Found a faded altar of an unknown god.
   334 | D:1      | Reached XP level 2. HP: 21/25 MP: 1/1
   842 | D:1      | Reached skill level 4 in Polearms
  1069 | D:1      | Reached XP level 3. HP: 27/30 MP: 2/2
  1161 | D:1      | Slain by a goblin

Illustrated notes

Levels and vault maps discovered:
D:1:      dpeg_arrival_three_bigger_balls, layout_basic,
          hellmonk_ecumenical_altar_run_dry, serial_park_tiny_pond
D:2:      layout_loops_ring

Skill      XL: |  1  2 |
---------------+-------+-----
Polearms       | 4 |  4.3
Throwing       | 3 |  3.4
Fighting       | |  2.4
Dodging        | |  3.2

Action                   || total
-------------------------++-------
Melee: Trident           ||    50
       Headbutt          ||     4
Throw: Throwing net      ||     1
Armor: Leather armour    ||     9
Dodge: Dodged            ||    36

Table legend: (Time is in decaauts)
 A = Elapsed time spent in this place.
 B = Non-inter-level travel time spent in this place.
 C = Inter-level travel time spent in this place.
 D = Time resting spent in this place.
 E = Time spent auto-exploring this place.
 F = Levels seen in this place.
 G = Mean time per level.
                   A        B        C        D        E       F      G
               +--------+--------+--------+--------+--------+-----+--------+
         Total |   1167 |   1129 |     38 |      0 |   1005 |   2 |  583.5 |
       Dungeon |   1167 |   1129 |     38 |      0 |   1005 |   2 |  583.5 |
               +--------+--------+--------+--------+--------+-----+--------+

Top non-repeatable levels by time:
     D:1: 1159 daAuts
     D:2: 7 daAuts
